 Dungeon Crawl Stone Soup version 0.25-a0-109-ge9c0e85935 (webtiles) character file.

Game seed: 8356208730699257948, levelgen mode: deterministic

972 MisterFreud the Carver (level 8, 0/50 HPs)
             Began as an Octopode Gladiator on Nov 18, 2019.
             Slain by an adder zombie (1 damage)
             ... on level 5 of the Dungeon.
             The game lasted 00:06:07 (5097 turns).

MisterFreud the Carver (Octopode Gladiator)         Turns: 5097, Time: 00:06:08

Health: 0/50       AC:  1    Str: 14    XL:     8   Next: 16%
Magic:  8/8        EV: 16    Int: 12    God:
Gold:   174        SH:  0    Dex: 13    Spells: 7/7 levels left

rFire    + . .     SeeInvis .   a - +0 long sword
rCold    + . .     Gourm    .   (no shield)
rNeg     . . .     Faith    .   b - +0 hat
rPois    .         Spirit   .   (no amulet)
rElec    .         Reflect  .   o - ring of protection from fire
rCorr    .         Harm     .   y - ring of protection from cold
MR       .....                  (no ring)
Stlth    ++........             (no ring)
HPRegen  0.16/turn              (no ring)
MPRegen  0.11/turn              (no ring)
                                (no ring)
                                (no ring)

@: lightly drained
A: almost no armour, stealthy swim, amphibious, 8 rings, constrict 8, camouflage
1, gelatinous body 1
a: no special abilities


You were on level 5 of the Dungeon.
You were not hungry.

You visited 1 branch of the dungeon, and saw 5 of its levels.

You collected 174 gold pieces.

Inventory:

Hand Weapons
 a - a +0 long sword (weapon)
Missiles
 c - 3 throwing nets (quivered)
 e - 17 arrows
 f - 147 stones
 k - 5 boomerangs
 w - 3 silver javelins
 x - 32 sling bullets
Armour
 b - a +0 hat (worn)
Jewellery
 o - a ring of protection from fire (left tentacle)
 p - an uncursed ring of ice
 y - a ring of protection from cold (right tentacle)
Scrolls
 i - 6 scrolls of identify {unknown}
 m - a scroll of magic mapping {unknown}
 q - 2 scrolls of immolation {unknown}
 r - a scroll of teleportation {unknown}
 A - a scroll of fear {unknown}
 C - a scroll of noise {unknown}
 E - a scroll of amnesia {unknown}
Potions
 g - a potion of resistance
 h - a potion of degeneration {unknown}
 j - a potion of magic {unknown}
 l - 4 potions of haste {unknown}
 n - a potion of curing
 s - a potion of flight {unknown}
 t - 3 potions of agility {unknown}
 u - a potion of mutation {unknown}
 v - a potion of ambrosia {unknown}
 z - a potion of cancellation {unknown}
 D - a potion of brilliance {unknown}
Comestibles
 d - 11 rations


   Skills:
 - Level 2.0(1.8) Fighting
 + Level 8.4(8.2) Long Blades
 - Level 2.0(1.8) Throwing
 + Level 5.5(5.3) Dodging


You had 7 spell levels left.
You didn't know any spells.
Your spell library contained the following spells:

 Spells                   Type           Power        Failure   Level  Hunger
 Corona                   Hex            #......      32%         1    ##.....
 Ensorcelled Hibernation  Hex/Ice        #.....       45%         2    ###....
 Confuse                  Hex            #.......     69%         3    ####...
 Dazzling Spray           Conj/Hex       #.....       69%         3    ####...
 Tukima's Dance           Hex            #.......     69%         3    ####...


Dungeon Overview and Level Annotations

Branches:
Dungeon (5/15)
 Temple: D:4-7

Altars:
Dithmenos
Trog
Uskayaw
Yredelemnul
Zin
The Shining One


Innate Abilities, Weirdness & Mutations

You cannot wear most types of armour.
You are very stealthy in the water. (Stealth+)
You are amphibious.
You can wear up to eight rings at the same time.
You can use your tentacles to constrict eight enemies at once.
Your skin changes colour to match your surroundings (Stealth+).
Your rubbery body absorbs attacks. (AC +1, EV +1)


Message History

The orc priest is moderately wounded.
The orc closely misses you.
You hit the orc priest. You grab the orc priest.
The orc priest is heavily wounded.
You constrict the orc priest. The orc completely misses you.
The orc priest invokes the aid of Beogh against you.
You struggle to resist.
The orc hits you with a +0 flail!
* * * LOW HITPOINT WARNING * * *
You hit the orc. You grab the orc.
The orc is severely wounded.
You constrict the orc.
You kill the orc!
You constrict the orc priest. The orc barely misses you.
The orc priest looks satisfied for a moment.
You slash the orc priest!
You kill the orc priest!
The orc hits you from afar with a cursed -2 trident.
* * * LOW HITPOINT WARNING * * *
The adder zombie bites you.
You die...

..........
..........
.#######.. ######..
#### ##.......
#####oZ...
...####.. #.o)oo#
#.# ##..
#Z#######.# ###..#
#)@....##.####...##
######.......#.....
##............
#.............
#.............
#.............
#.............
#.............
##............


You could see an orc and an adder zombie.

Vanquished Creatures
  Sigmund (D:3)
  An ice beast (D:5)
  A phantom (D:4)
  An ogre (D:4)
  A hound (D:4)
  2 orc wizards (D:4)
  5 orc priests
  An iguana (D:4)
  A worker ant (D:4)
  Robin (D:3)
  9 adders
  4 gnolls (D:3)
  4 oozes
  2 worms
  A leopard gecko (D:4)
  20 orcs
  5 bats
  6 giant cockroaches
  13 goblins
  7 hobgoblins
  9 jackals
  A quokka (D:4)
  2 frilled lizards
  7 kobolds
  12 rats
117 creatures vanquished.

Vanquished Creatures (others)
  A plant (D:3)
1 creature vanquished.

Grand Total: 118 creatures vanquished

Notes
Turn   | Place    | Note
-------+----------+-------------------------------------------
     0 | D:1      | MisterFreud the Octopode Gladiator began the quest for the
                  | Orb.
     0 | D:1      | Reached XP level 1. HP: 14/14 MP: 1/1
    79 | D:1      | Reached XP level 2. HP: 19/19 MP: 2/2
   213 | D:1      | Reached skill level 4 in Long Blades
   227 | D:1      | Reached XP level 3. HP: 20/24 MP: 3/3
   971 | D:2      | Reached XP level 4. HP: 27/29 MP: 4/4
  1022 | D:2      | Reached skill level 5 in Long Blades
  1329 | D:2      | Noticed a moth of wrath
  1332 | D:2      | Found a bloodstained altar of Trog.
  1616 | D:2      | Found a glowing golden altar of the Shining One.
  1783 | D:2      | Found a basalt altar of Yredelemnul.
  1976 | D:3      | Reached XP level 5. HP: 24/34 MP: 5/5
  2027 | D:3      | Noticed Sigmund
  2045 | D:3      | Killed Sigmund
  2045 | D:3      | Reached skill level 6 in Long Blades
  2045 | D:3      | Reached XP level 6. HP: 2/39 MP: 6/6
  2251 | D:3      | Noticed Robin
  2273 | D:3      | Killed Robin
  2273 | D:3      | Reached skill level 7 in Long Blades
  3314 | D:4      | Noticed a phantom
  3337 | D:4      | Killed a phantom
  3337 | D:4      | Reached XP level 7. HP: 26/45 MP: 7/7
  3645 | D:4      | Found a glowing silver altar of Zin.
  4035 | D:4      | Found a shadowy altar of Dithmenos.
  4354 | D:4      | Found Pompenle's General Store.
  4569 | D:4      | Reached skill level 8 in Long Blades
  4569 | D:4      | Reached skill level 5 in Dodging
  4839 | D:5      | Entered Level 5 of the Dungeon
  4839 | D:5      | Found a hide-covered altar of Uskayaw.
  4849 | D:4      | Reached XP level 8. HP: 22/50 MP: 8/8
  5097 | D:5      | HP: 1/50 [orc/cursed -2 trident (6)]
  5097 | D:5      | Slain by an adder zombie

Levels and vault maps discovered:
D:1:      nicolae_arrival_memento_mori, layout_loops_ring,
          minmay_misc_feat_encased
D:2:      layout_basic, overflow_temple_1_default, nicolae_tso_carved_into_rock,
          tgw_trog
D:3:      layout_basic, first_ration, serial_bayou_lagoon_b, uniq_robin,
          uniq_sigmund
D:4:      minmay_spotlight, layout_gridville, overflow_temple_1_default,
          old_standard_altar, serial_shops, kennysheep_mini
D:5:      layout_rooms, lemuel_crystal_altar, minmay_temple_entry_tees,
          cheibrodos_gnoll_hut

Skill      XL: |  1  2  3  4  5  6  7 |
---------------+----------------------+-----
Long Blades    | 4 5 6 7 8 |  8.4
Dodging        | 5 |  5.5
Fighting       | |  2.0
Throwing       | |  2.0

Action                   |  1- 3 |  4- 6 |  7- 9 || total
-------------------------+-------+-------+-------++-------
Melee: Long sword        |    50 |   104 |    90 ||   244
       Constrict         |    14 |    32 |    25 ||    71
       Tentacles         |    14 |    24 |    22 ||    60
Throw: Javelin           |       |       |     1 ||     1
  Use: Potion            |       |     2 |       ||     2
 Stab: Sleeping          |     8 |     3 |     3 ||    14
  Eat: Chunk             |       |     7 |     6 ||    13
Armor: Skin              |     2 |     2 |       ||     4
Dodge: Dodged            |    29 |    69 |    84 ||   182
       Rpst.: Long sword |     9 |    23 |    24 ||    56

Table legend:
 A = Non-vault XP
 B = Vault XP
 C = Vault XP percentage of total XP
 D = Non-vault monster count
 E = Vault monster count
 F = Vault count percentage of total count
                 A         B        C        D         E       F
            +---------+---------+-------+---------+---------+-------
      Total |    1081 |     308 |  22.2 |      98 |      19 |  16.2
            +---------+---------+-------+---------+---------+-------
        D:1 |      54 |       0 |   0.0 |      28 |       0 |   0.0
        D:2 |      73 |       4 |   5.2 |      14 |       4 |  22.2
        D:3 |     138 |     257 |  65.1 |      20 |      13 |  39.4
        D:4 |     634 |      47 |   6.9 |      31 |       2 |   6.1
        D:5 |     182 |       0 |   0.0 |       5 |       0 |   0.0
            +---------+---------+-------+---------+---------+-------
